 Dungeon Crawl Stone Soup version 0.12.2-13-gffed442 (webtiles) character file.

1268 Dalarin the Sneak (level 7, -8/32 HPs)
             Began as a Spriggan Venom Mage on July 28, 2013.
             Killed from afar by an orc wizard (20 damage)
             ... with a wand of fire
             ... on Level 5 of the Dungeon.
             The game lasted 00:39:32 (4714 turns).

Dalarin the Sneak (Spriggan Venom Mage)             Turns: 4714, Time: 00:39:32

HP  -8/32        AC  9     Str  6      XL: 7   Next: 93%
MP  16/20        EV 20     Int 16      God:
Gold 303         SH  0     Dex 17      Spells:  3 memorised,  7 levels left

Res.Fire  : . . .   See Invis. : +   q - +4,+2 elf dagger (protect)
Res.Cold  : . . .   Warding    : .   a - +1 robe
Life Prot.: . . .   Conserve   : .   (shield restricted)
Res.Poison: .       Res.Corr.  : +   (helmet restricted)
Res.Elec. : .       Clarity    : .   e - +0 cloak
Sust.Abil.: . .     Spirit.Shd : .   (gloves unavailable)
Res.Mut.  : .       Stasis     : .   (boots unavailable)
Res.Rott. : .       Ctrl.Telep.: .   i - amulet of resist corrosion
Saprovore : . . .   Flight     : .   (no ring)
                                     (no ring)

@: very quick, somewhat resistant to hostile enchantments, quite stealthy
A: unfitting armour, see invisible, herbivore 3, speed 3, slow metabolism 2
a: no special abilities


You were on level 5 of the Dungeon.
You were not hungry.

You visited 2 branches of the dungeon, and saw 6 of its levels.

You collected 283 gold pieces.

Inventory:

Hand weapons
 q - a +4,+2 elven dagger of protection (weapon)
Missiles
 d - 44 darts (quivered)
 j - 14 darts of flame
 p - 2 steel darts
Armour
 a - a +1 robe (worn)
 e - a +0 cloak (worn)
Magical devices
 h - a wand of confusion (11)
 t - a wand of random effects (19) {unknown}
Comestibles
 k - a bread ration
Scrolls
 f - 2 scrolls of remove curse {unknown}
 o - 2 scrolls of amnesia
 s - a scroll of identify
 w - a scroll of curse jewellery {unknown}
 y - a scroll of fear {unknown}
Jewellery
 i - an amulet of resist corrosion (around neck)
 n - an uncursed ring of protection from fire
Potions
 c - a potion of porridge
 g - a potion of heal wounds
 l - 2 potions of might
 m - 2 potions of restore abilities {unknown}
 r - a potion of agility
 x - a potion of curing
Books
 b - a Young Poisoner's Handbook

   Spells                             Type                      Level
   *Sting                             Conjuration/Poison           1
   *Cure Poison                       Poison                       2
   *Mephitic Cloud                    Conjuration/Poison/Air       3
   Olgreb's Toxic Radiance            Poison                       4
   Venom Bolt                         Conjuration/Poison           5


   Skills:
 + Level 1.9 Fighting
 - Level 3.1 Throwing
 + Level 4.8 Dodging
 + Level 5.1 Stealth
 + Level 3.8 Stabbing
 + Level 3.8 Traps
 + Level 3.9 Spellcasting
 + Level 2.0 Conjurations
 + Level 5.0 Poison Magic


You had 7 spell levels left.
You knew the following spells:

 Your Spells              Type           Power        Failure   Level  Hunger
a - Sting                 Conj/Pois      ###..        4%          1    None
b - Cure Poison           Pois           ####......   4%          2    ##.....
c - Mephitic Cloud        Conj/Pois/Air  ###......    21%         3    ###....


Dungeon Overview and Level Annotations

Branches:
Dungeon (5/27)             Temple (1/1) D:5

Altars:
Ashenzari
Cheibriados
Elyvilon
Fedhas
Kikubaaqudgha
Makhleb
Nemelex Xobeh
Okawaru
Sif Muna
Xom
Yredelemnul
Zin
the Shining One


Innate Abilities, Weirdness & Mutations

You are tiny and cannot use many weapons and most armour.
You have supernaturally acute eyesight.
You are a herbivore.
You cover ground extremely quickly.
You need consume almost no food.


Message History

The sting misses the hound.
The sting hits the orc skeleton.
The orc skeleton completely resists.
The hound completely misses you.
Casting: Sting
Confirm with . or Enter, or press ? or * to list all spells.
Aiming: Sting
Press: ? - help, Shift-Dir - straight line, f/p - hound
Aim: a hound (severely wounded, poisoned)
The sting hits the hound.
The hound is almost dead.
The hound completely misses you. The hound barely misses you.
You kill the hound!
Casting: Sting
Confirm with . or Enter, or press ? or * to list all spells.
Aiming: Sting
Press: ? - help, Shift-Dir - straight line, f - orc wizard
Aim: an orc wizard, wielding an orcish dagger, wearing an orcish robe and carrying a wand of fire {zapped: 3} The sting misses the orc wizard.
The orc wizard zaps a wand.
The bolt of fire hits you!
Ouch! That really hurt!
You die...

#..z............##.
###.###z.........#..
#..###..............
##..#...%........#..
#######.................
####...# ####........#.....
#......####........#.#.....
#.......###...............
####.....@.......###...z..
##.....#o.......#....h.
#...#.##......#..##....
##.#...#.....##...#....
###.%.###.....##......
##..##....#####.....
####.......#.#....#...
#....#...##..#....##..
#....#...##...z#.## .#


You could see an orc wizard.

Vanquished Creatures
  Pikel (D:4)
  Prince Ribbit (D:4)
  A giant frog skeleton (D:4)
  A hound (D:5)
  An orc priest (D:4)
  A worker ant (D:4)
  An orc wizard (D:4)
  3 gnolls (D:4)
  3 adders
  3 giant mites
  4 worms
  An ooze (D:3)
  10 orcs
  9 bats
  5 giant cockroaches
  9 goblins
  12 hobgoblins
  7 kobolds
  4 quokkas
  2 ball pythons
  8 giant newts
  8 rats
95 creatures vanquished.

Vanquished Creatures (others)
  A ball python (D:2)
  A hobgoblin (D:4)
  A kobold (D:1)
3 creatures vanquished.

Grand Total: 98 creatures vanquished

Notes
Turn   | Place    | Note
--------------------------------------------------------------
     0 | D:1      | Dalarin, the Spriggan Venom Mage, began the quest for the Orb.
     0 | D:1      | Reached XP level 1. HP: 9/9 MP: 4/4
   611 | D:1      | Reached XP level 2. HP: 11/13 MP: 0/6
   702 | D:1      | Reached skill level 1 in Throwing
   870 | D:1      | Reached skill level 1 in Stabbing
   870 | D:1      | Reached XP level 3. HP: 16/16 MP: 3/9
  1331 | D:2      | Reached skill level 1 in Traps
  1649 | D:2      | Reached XP level 4. HP: 21/21 MP: 8/11
  2558 | D:3      | Learned a level 2 spell: Cure Poison
  2562 | D:3      | Learned a level 3 spell: Mephitic Cloud
  2772 | D:3      | Found a burning altar of Makhleb.
  3047 | D:3      | Noticed a phantom
  3251 | D:4      | Reached XP level 5. HP: 22/24 MP: 3/15
  3263 | D:4      | Reached skill level 1 in Fighting
  3288 | D:4      | Noticed Prince Ribbit
  3338 | D:4      | Killed Prince Ribbit
  3338 | D:4      | Reached skill level 1 in Conjurations
  3338 | D:4      | Reached XP level 6. HP: 17/28 MP: 1/18
  3720 | D:4      | Noticed a slave
  3742 | D:4      | Noticed Pikel
  3745 | D:4      | Noticed a slave
  3746 | D:4      | Noticed a slave
  3759 | D:4      | Noticed a slave
  3774 | D:4      | Killed Pikel
  3774 | D:4      | Reached skill level 5 in Stealth
  3774 | D:4      | Reached skill level 5 in Poison Magic
  3774 | D:4      | Reached XP level 7. HP: 30/32 MP: 10/20
  4140 | D:5      | Entered Level 5 of the Dungeon
  4223 | D:5      | Found a staircase to the Ecumenical Temple.
  4287 | Temple   | Entered the Ecumenical Temple
  4714 | D:5      | Killed from afar by an orc wizard

Action                   |  1- 3 |  4- 6 |  7- 9 || total
-------------------------+-------+-------+-------++-------
Melee: Unarmed           |    29 |    18 |       ||    47
       Dagger            |       |    17 |    16 ||    33
Throw: Dart              |       |       |     1 ||     1
 Cast: Sting             |    73 |   131 |    53 ||   257
       Mephitic Cloud    |       |     1 |     2 ||     3
Evoke: Wand              |       |     1 |       ||     1
  Use: Scroll            |     1 |     9 |     4 ||    14
       Potion            |     1 |       |     1 ||     2
